 Dungeon Crawl Stone Soup version 0.27-a0-1140-g099f9bb0e8 (webtiles) character file.

Game seed: 9948719343388424936

7970 Vomitron the Thaumaturge (level 11, -1/84 HPs)
             Began as a Djinni Earth Elementalist on May 8, 2021.
             Was a Believer of Ru.
             Slain by an orc warrior
             ... wielding a +0 dire flail
              (8 damage)
             ... on level 8 of the Dungeon.
             The game lasted 00:25:44 (13592 turns).

Vomitron the Thaumaturge (DjEE)                    Turns: 13592, Time: 00:25:45

Health: -1/84      AC: 12    Str:  7    XL:     11   Next: 23%
Gold:   602        EV: 12    Int: 27    God:    Ru [**....] SH:  8 Dex: 13

rFire    + + .     SeeInvis .   o - +3 scimitar
rCold    x . .     Faith    .   d - +3 buckler {AC+3}
rNeg     . . .     Spirit   .   B - +0 acid dragon scales
rPois    ∞         Reflect  .   I - +1 hat
rElec    .         Harm     .   (no cloak)
rCorr    +         Rampage  .   G - +1 pair of gloves
Will     +....                  (boots unavailable)
Stlth    +.........             (no amulet)
HPRegen  0.24/turn              x - +6 ring of intelligence
MPRegen  0.00/turn              (no ring)

@: flying
A: sickness immunity, fire resistance 2, cold vulnerability 1, hated by all,
missing an eye, float, innate caster, hp casting, extra vitality 1
a: Renounce Religion


You were on level 8 of the Dungeon.
You worshipped Ru.
Ru was pleased with you.
You visited 2 branches of the dungeon, and saw 10 of its levels.

You collected 602 gold pieces.

Inventory:

Hand Weapons
 a - a +0 club
 l - a +0 morningstar
 o - a +3 scimitar (weapon)
 r - a +2 hand axe of electrocution
Missiles
 b - 268 stones
Armour
 c - a +0 robe
 d - a +3 buckler of protection (worn)
 B - +0 acid dragon scales (worn)
 G - a +1 pair of gloves (worn)
 I - a +1 hat (worn)
Jewellery
 x - a +6 ring of intelligence (left hand)
 y - a ring of positive energy
Wands
 g - a wand of iceblast (22)
 k - a wand of polymorph (9)
 q - a wand of mindburst (12)
 v - a wand of acid (5)
 F - a wand of paralysis (6)
Scrolls
 i - 2 scrolls of teleportation
 p - a scroll of magic mapping
 t - a scroll of silence {unknown}
 u - a scroll of enchant armour
 w - 3 scrolls of identify
 A - a scroll of amnesia {unknown}
 D - a scroll of enchant weapon
Potions
 e - a potion of attraction
 h - a potion of lignification
 j - 2 potions of curing
 m - 2 potions of ambrosia {unknown}
 n - a potion of might {unknown}
 s - a potion of berserk rage {unknown}
 z - a potion of magic {unknown}
 C - a potion of mutation {unknown}
 E - a potion of flight {unknown}
 H - 2 potions of haste {unknown}


   Skills:
 + Level 9.1 Fighting
 + Level 5.9 Dodging
 - Level 1.5 Stealth
 - Level 4.0 Shields
 * Level 11.1 Spellcasting


You had 2 spell levels left.
You knew the following spells:

 Your Spells              Type           Power      Damage    Failure   Level
a - Sandblast             Erth           100%       2d20      1%          1
b - Passwall              Tmut/Erth      55%        N/A       1%          2
c - Stone Arrow           Conj/Erth      100%       3d13      1%          3
d - Petrify               Tmut/Erth      66%        N/A       1%          4
e - Lee's Rapid Deconstr  Erth           33%        3d18*     2%          5
f - Sting                 Tmut/Pois      100%       1d8       1%          1
g - Wereblood             Tmut           66%        N/A       1%          2
h - Mephitic Cloud        Conj/Pois/Air  66%        N/A       1%          3
i - Summon Ice Beast      Ice/Summ       66%        N/A       1%          4
j - Silence               Hex/Air        33%        N/A       2%          5
Your spell library was empty.

Dungeon Overview and Level Annotations

Branches:
Dungeon (9/15)             Temple (1/1) D:5            Lair (0/6) D:8
    Orc: D:9-12

Altars:
Ashenzari
Cheibriados
Dithmenos
Elyvilon
Fedhas
Gozag
Hepliaklqana
Kikubaaqudgha
Makhleb
Nemelex Xobeh
Okawaru
Ru
Sif Muna
Trog
Uskayaw
Vehumet
Wu Jian
Xom
Yredelemnul
Zin
The Shining One

Shops:
D:2 ?   D:8 ?


Innate Abilities, Weirdness & Mutations

You are immune to sickness and miasma.
You are immune to poison.
Your flesh is very heat resistant. (rF++)
You are vulnerable to cold. (rC-)
You are hated by all.
You are missing an eye, making it more difficult to aim.
You float through the air rather than walking.
You learn spells naturally, not from books.
Your magical power is your life essence.
You have superior vitality. (+4 HP)


Message History

You miss something. Something hits you!
* * * LOW HITPOINT WARNING * * *
You block something's attack.
Aiming: Sting (safe; 1% risk of failure)
Press: ? - help, Q - select action, (/) - cycle Shift-Dir - straight line
* * * LOW HITPOINT WARNING * * *
Something hits you.
* * * LOW HITPOINT WARNING * * *
Unknown command.
Aiming: Sting (safe; 1% risk of failure)
Press: ? - help, Q - select action, (/) - cycle Shift-Dir - straight line The sting hits something.
* * * LOW HITPOINT WARNING * * *
You redirect something's attack!
Unknown command.
Unknown command.
Aiming: Sting (safe; 1% risk of failure)
Press: ? - help, Q - select action, (/) - cycle Shift-Dir - straight line
* * * LOW HITPOINT WARNING * * *
Something hits you!
* * * LOW HITPOINT WARNING * * *
You focus your inner power and blind something in retribution!
Unknown command.
You feel much better.
You redirect something's attack!
Unknown command.
Unknown command.
Aiming: Sting (safe; 1% risk of failure)
Press: ? - help, Q - select action, (/) - cycle Shift-Dir - straight line
* * * LOW HITPOINT WARNING * * *
Something hits you!
* * * LOW HITPOINT WARNING * * *
Unknown command.
Unknown command.
You miss something. Something hits you!
* * * LOW HITPOINT WARNING * * *
Unknown command.
You slash something! Something hits you!
You die...

#.........##.# #.#
######[[####.# #.#
######[## #.# #.#
#.......# #.# #.#
#.#####(###.########.##
#.# #.[##.#.......(.#
#.# ##.##.#.#########
#.# #.÷#.#.# #.#
##[#.#@# #># #.[.#.#
### ##[.#.# #..#.#
##..#.# #..>..# #######


There were no monsters in sight!

Vanquished Creatures
  A cyclops (D:8)
  Prince Ribbit (D:7)
  A spriggan (D:9)
  A wyvern (D:7)
  A wraith (D:9)
  16 yaks
  A vampire (D:9)
  Menkaure (D:7)
  A steam dragon (D:9)
  Edmund (D:4)
  An acid dragon (D:8)
  2 water moccasins
  Duvessa (D:5)
  A sky beast (D:6)
  3 orc warriors
  A necrophage (D:8)
  A hornet zombie (D:7)
  4 ogres
  3 centaurs
  A phantom (Temple)
  2 bullfrogs
  A scorpion (D:7)
  Dowan (D:5)
  A wyvern skeleton (D:7)
  A water moccasin zombie (D:5)
  3 killer bees (D:8)
  23 wights
  5 electric eels (D:9)
  A jelly (D:8)
  4 howler monkeys
  A bullfrog zombie (D:7)
  A hound (D:4)
  7 orc priests
  3 centaur skeletons
  4 iguanas
  3 orc wizards
  A howler monkey skeleton (D:6)
  8 adders
  A white imp (D:7)
  2 worms
  3 dart slugs
  27 orcs
  6 endoplasms
  3 giant cockroaches (D:1)
  6 goblins
  8 hobgoblins
  8 jackals
  3 kobolds
  4 quokkas
  6 ball pythons
  5 bats
  4 frilled lizards
  5 rats
204 creatures vanquished.

Vanquished Creatures (others)
  20 plants (D:9)
20 creatures vanquished.

Grand Total: 224 creatures vanquished

Notes
Turn   | Place    | Note
-------+----------+-------------------------------------------
     0 | D:1      | Vomitron the Djinni Earth Elementalist began the quest for
                  | the Orb.
     0 | D:1      | Reached XP level 1. HP: 15/15 MP: 0/0
     3 | D:1      | Noticed an electric eel
     4 | D:1      | Noticed an electric eel
   120 | D:1      | Reached skill level 3 in Spellcasting
   120 | D:1      | Reached XP level 2. HP: 9/22 MP: 0/0
   606 | D:1      | Reached skill level 1 in Fighting
   959 | D:1      | Reached XP level 3. HP: 21/27 MP: 0/0
   959 | D:1      | Learned a level 1 spell: Sting
  2250 | D:2      | Reached XP level 4. HP: 29/33 MP: 0/0
  2447 | D:2      | Found Syochou's Magic Scroll Shop.
  2983 | D:3      | Found a faded altar of an unknown god.
  3005 | D:3      | Found a hazy altar of Hepliaklqana.
  3210 | D:3      | Reached skill level 1 in Shields
  3454 | D:3      | Reached skill level 4 in Spellcasting
  3604 | D:3      | Reached XP level 5. HP: 38/38 MP: 0/0
  3604 | D:3      | Learned a level 2 spell: Wereblood
  4058 | D:4      | Noticed Edmund
  4088 | D:4      | Killed Edmund
  4089 | D:4      | Reached XP level 6. HP: 19/45 MP: 0/0
  4837 | D:5      | Entered Level 5 of the Dungeon
  4877 | D:5      | Reached skill level 5 in Spellcasting
  4894 | D:5      | Reached XP level 7. HP: 33/50 MP: 0/0
  4894 | D:5      | Learned a level 3 spell: Mephitic Cloud
  5264 | D:5      | Noticed Duvessa
  5266 | D:5      | Noticed Dowan
  5667 | D:5      | Found a staircase to the Ecumenical Temple.
  5682 | Temple   | Entered the Ecumenical Temple
  5905 | Temple   | Became a worshipper of Ru the Awakened
  6145 | D:5      | Killed Duvessa
  6146 | D:5      | Reached skill level 6 in Spellcasting
  6146 | D:5      | Reached XP level 8. HP: 31/58 MP: 0/0
  6149 | D:5      | Killed Dowan
  6433 | D:6      | Found an ornate altar of the Wu Jian Council.
  6622 | D:6      | Found a sparkling altar of Nemelex Xobeh.
  6622 | D:6      | Found a broken altar of Ashenzari.
  6630 | D:6      | Found a faded altar of an unknown god.
  6632 | D:6      | Found a shimmering altar of Xom.
  6634 | D:6      | Found a faded altar of an unknown god.
  7037 | D:6      | Reached skill level 5 in Fighting
  7154 | D:6      | Reached skill level 7 in Spellcasting
  7459 | D:6      | Found a hide-covered altar of Uskayaw.
  7459 | D:6      | Found a glowing silver altar of Zin.
  7460 | D:6      | Found a bloodstained altar of Trog.
  7618 | D:6      | Reached XP level 9. HP: 53/66 MP: 0/0
  7618 | D:6      | Learned a level 4 spell: Summon Ice Beast
  8019 | D:6      | Gained mutation: You are hated by all. [Ru sacrifice]
  8019 | D:6      | Reached * piety under Ru
  8163 | D:6      | Reached skill level 8 in Spellcasting
  8378 | D:7      | Found a burning altar of Makhleb.
  9513 | D:7      | Reached skill level 9 in Spellcasting
  9565 | D:7      | Noticed Prince Ribbit
  9567 | D:7      | Noticed Menkaure
  9579 | D:7      | Killed Prince Ribbit
  9785 | D:7      | Killed Menkaure
 10010 | D:8      | Reached XP level 10. HP: 73/75 MP: 0/0
 10127 | D:8      | Noticed a cyclops
 10486 | D:8      | Found a snail-covered altar of Cheibriados.
 10494 | D:8      | Found a staircase to the Lair.
 10766 | D:8      | Killed a cyclops
 10767 | D:8      | Reached skill level 10 in Spellcasting
 10824 | D:8      | Found Roafig's Magic Scroll Shop.
 11475 | D:8      | Gained mutation: You are missing an eye, making it more
                  | difficult to aim. [Ru sacrifice]
 11475 | D:8      | Reached ** piety under Ru
 11846 | D:8      | Reached skill level 5 in Dodging
 12291 | D:8      | Reached XP level 11. HP: 81/82 MP: 0/0
 12291 | D:8      | Learned a level 5 spell: Silence
 12833 | D:9      | Reached skill level 11 in Spellcasting
 13585 | D:8      | HP: 2/84 [something (15)]
 13592 | D:8      | Slain by an orc warrior

Illustrated notes

Levels and vault maps discovered:
D:1:      arrival_aquarium_b, layout_loops_ring
D:2:      layout_basic, serial_shops, shop
D:3:      minmay_general_purpose_star, layout_basic,
          nicolae_overflow_hidden_temple, shapermc_ecumenical_altar_gd,
          minivault_26, grunt_ministairs_11
D:4:      wander_river, layout_rooms, kennysheep_doodads, uniq_edmund
D:5:      layout_cave_pools, minmay_temple_entry_offerings, uniq_duvessa
D:6:      layout_loops_ring, old_standard_altar,
          chequers_temple_overflow_minitemple, minitemple
D:7:      layout_cave_pods, amcnicky_altar_gilded, uniq_prince_ribbit1,
          uniq_menkaure
D:8:      layout_basic, lemuel_crystal_altar, lair_entry_dummy, serial_shops,
          shop
D:9:      layout_roguey, serial_bayou, serial_bayou_ford_a,
          serial_bayou_lagoon_a, serial_bayou_shore_b, serial_bayou_shore_a,
          the_hattery
Temple:   jpeg_temple_clearing

Skill      XL: |  1  2  3  4  5  6  7  8  9 10 11 |
---------------+----------------------------------+-----
Spellcasting   | 3 4 5 6 7 9 10 11 | 11.1
Fighting       | 1 2 3 4 5 7 8 9 |  9.1
Shields        | 1 2 3 4 |  4.0
Dodging        | 5 |  5.9
Stealth        | |  1.5

Action                   |  1- 3 |  4- 6 |  7- 9 | 10-12 || total
-------------------------+-------+-------+-------+-------++-------
Melee: Unarmed           |     4 |       |     2 |       ||     6
       Club              |    66 |    19 |       |       ||    85
       Morningstar       |       |    41 |     8 |       ||    49
       Hand axe          |       |       |     6 |     1 ||     7
       Scimitar          |       |       |       |    22 ||    22
 Cast: Sandblast         |    37 |     8 |     2 |       ||    47
       Stone Arrow       |     3 |     5 |   110 |    68 ||   186
       Sting             |       |    39 |    42 |    73 ||   154
       Mephitic Cloud    |       |       |       |     1 ||     1
Invok: Sacrifice Love    |       |       |     1 |       ||     1
       Sacrifice an Eye  |       |       |       |     1 ||     1
  Use: Scroll            |       |     8 |     3 |       ||    11
       Potion            |       |       |     2 |     1 ||     3
 Stab: Sleeping          |       |     1 |       |       ||     1
Armor: Robe              |    19 |    17 |     8 |     6 ||    50
       Skin              |       |       |     1 |       ||     1
       Acid dragon scale |       |       |       |     6 ||     6
Dodge: Dodged            |    55 |    42 |    25 |    29 ||   151
Block: Buckler           |    11 |    21 |    28 |    27 ||    87
       Rpst.: Scimitar   |       |       |       |     5 ||     5

Table legend: (Time is in decaauts)
 A = Elapsed time spent in this place.
 B = Non-inter-level travel time spent in this place.
 C = Inter-level travel time spent in this place.
 D = Time resting spent in this place.
 E = Time spent auto-exploring this place.
 F = Levels seen in this place.
 G = Mean time per level.
                   A        B        C        D        E       F      G
               +--------+--------+--------+--------+--------+-----+--------+
         Total |  13664 |  13275 |    389 |   5207 |   6114 |  10 | 1366.4 |
       Dungeon |  13429 |  13059 |    370 |   5080 |   6114 |   9 | 1492.1 |
        Temple |    234 |    215 |     19 |    127 |      0 |   1 |  234.0 |
               +--------+--------+--------+--------+--------+-----+--------+

Top non-repeatable levels by time:
     D:8: 2079 daAuts
     D:1: 1994 daAuts
     D:7: 1925 daAuts
     D:6: 1790 daAuts
     D:5: 1558 daAuts
     D:3: 1153 daAuts
     D:9: 1029 daAuts
     D:4: 954 daAuts
     D:2: 945 daAuts
  Temple: 234 daAuts
